 Dungeon Sprint DCSS version 0.27-a0-1200-g94dc6ad4cf (webtiles) character file.

Game seed: 3191170624381828484

3769 night the Nimble (level 10, 0/72 HPs)
             Began as a Djinni Fire Elementalist on May 31, 2021.
             Was the Champion of Makhleb.
             Blown up by a great orb of eyes (43 damage)
             ... with a mindburst bolt
             ... in the Dungeon (Sprint V: "Ziggurat Sprint").
             The game lasted 00:07:18 (513 turns).

night the Nimble (Djinni Fire Elementalist)          Turns: 513, Time: 00:07:19

Health: 0/72       AC:  2    Str:  7    XL:     10   Next: 38%
Gold:   0          EV: 16    Int: 21    God:    Makhleb [******] SH: 13 Dex: 13

rFire    + + .     SeeInvis .   K - +8 autumn katana {vorpal, Clar}
rCold    x . .     Faith    .   j - +3 kite shield
rNeg     . . .     Spirit   .   a - +0 robe
rPois    ∞         Reflect  .   (no helmet)
rElec    .         Harm     .   N - scarf {+Inv}
rCorr    .         Rampage  .   (no gloves)
Will     +....     Clarity  +   (boots unavailable) Stlth ++++......NoTele +
                                (no amulet)
HPRegen  0.22/turn              (no ring)
MPRegen  0.00/turn              (no ring)

@: marked, flying, very slightly contaminated
A: sickness immunity, fire resistance 2, cold vulnerability 1, float, innate
caster, hp casting, extra vitality 1
a: Renounce Religion, Evoke Invisibility, Minor Destruction, Lesser Servant of
Makhleb, Major Destruction, Greater Servant of Makhleb


You were in the Dungeon.
You worshipped Makhleb.
Makhleb was exalted by your worship.
You visited 1 branch

Inventory:

Hand Weapons
 E - the +6 Majin-Bo {vamp, MP+6 Int+6}
   (You found it in the Dungeon)

   It inflicts no extra harm, but heals its wielder when it wounds a living foe.
   It affects your intelligence (+6).
   It affects your magic capacity (+6).
 F - the +7 Singing Sword {vorpal, sonic wave}
   (You found it in the Dungeon)

   It inflicts extra damage upon your enemies.
 G - a +5 demon blade
 H - a +5 double sword
 I - a +2 whip of distortion
 K - the +8 autumn katana (weapon) {vorpal, Clar}
   (You found it in the Dungeon)

   It inflicts extra damage upon your enemies.
   It protects you against confusion.
Armour
 a - a +0 robe (worn)
 b - +5 fire dragon scales
 h - +5 gold dragon scales
 i - a +3 buckler
 j - a +3 kite shield (worn)
 k - a +3 tower shield
 N - a scarf of invisibility (worn)
Magical Staves
 p - a staff of fire
 J - a staff of earth
Jewellery
 y - a +6 ring of dexterity
 z - a +6 ring of dexterity
 A - a +6 ring of intelligence
 B - a +6 ring of intelligence
 C - a +6 ring of strength
 D - a +6 ring of strength
 M - a ring of positive energy
Wands
 v - a wand of mindburst (7)
 w - a wand of iceblast (4)
 x - a wand of acid (4)
Scrolls
 g - 4 scrolls of blinking
 r - 7 scrolls of fog
 s - a scroll of holy word
 t - 5 scrolls of identify
 u - 2 scrolls of fear
Potions
 c - 10 potions of curing
 d - 9 potions of heal wounds
 e - 6 potions of haste
 f - 3 potions of berserk rage
 l - 2 potions of brilliance
 m - 2 potions of invisibility
 n - 4 potions of resistance
 q - 5 potions of might
Miscellaneous
 o - a condenser vane (inert)
 L - a phantom mirror
 O - a box of beasts


   Skills:
 + Level 5.7 Fighting
 + Level 5.1 Long Blades
 - Level 11.5 Dodging
 - Level 9.8 Stealth
 * Level 8.2 Shields
 + Level 11.0 Spellcasting


You had 6 spell levels left.
You knew the following spells:

 Your Spells              Type           Power      Damage    Failure   Level
a - Foxfire               Conj/Fire      100%       2x1d9     1%          1
b - Conjure Flame         Conj/Fire      55%        6-21      1%          3
c - Inner Flame           Hex/Fire       55%        N/A       1%          3
d - Sticky Flame          Conj/Fire      55%        2d7       1%          4
e - Fireball              Conj/Fire      27%        3d12      4%          5
f - Beastly Appendage     Tmut           100%       N/A       1%          1
g - Call Imp              Summ           55%        N/A       1%          2
h - Lesser Beckoning      Tloc           27%        N/A       1%          3
i - Teleport Other        Tloc           55%        N/A       1%          3
Your spell library was empty.

Dungeon Overview and Level Annotations

Branches:
Dungeon (1/1)

Altars:
Ashenzari
Cheibriados
Dithmenos
Elyvilon
Fedhas
Gozag
Hepliaklqana
Kikubaaqudgha
Makhleb
Nemelex Xobeh
Okawaru
Qazlal
Ru
Sif Muna
Trog
Uskayaw
Vehumet
Wu Jian
Xom
Yredelemnul
Zin
The Shining One
Beogh
Jiyva
Lugonu


Innate Abilities, Weirdness & Mutations

You are immune to sickness and miasma.
You are immune to poison.
Your flesh is very heat resistant. (rF++)
You are vulnerable to cold. (rC-)
You float through the air rather than walking.
You learn spells naturally, not from books.
Your magical power is your life essence.
You have superior vitality. (+4 HP)


Message History

The wizard is engulfed in noxious fumes.
The yaktaur is engulfed in noxious fumes.
The yaktaur appears confused.
The ironbound thunderhulk is engulfed in noxious fumes.
The ironbound thunderhulk appears confused.
The ironbound thunderhulk hits the great orb of eyes with a +0 great mace!!
The vault sentinel is engulfed in noxious fumes.
The vault sentinel appears confused.
The vault guard is engulfed in noxious fumes.
The vault guard hits the ironbound thunderhulk with a +2 great mace of draining!!
The yaktaur is engulfed in noxious fumes.
The yaktaur appears confused.
You feel much better.
The wizard is engulfed in noxious fumes.
The ironbound thunderhulk is engulfed in noxious fumes.
The ironbound thunderhulk appears confused.
The vault guard is engulfed in noxious fumes.
The vault guard appears confused.
The yaktaur is engulfed in noxious fumes.
You slash the wizard!
The wizard is heavily wounded.
The wizard is engulfed in noxious fumes.
The wizard appears confused.
The wizard gestures wildly.
The wizard closely misses you.
You riposte.
You slash the wizard!
You kill the wizard!
Makhleb accepts your kill.
You feel better.
The ironbound thunderhulk is engulfed in noxious fumes.
The yaktaur is engulfed in noxious fumes.
The yaktaur appears confused.
Your Long Blades skill increases to level 5!
Your Shields skill increases to level 8!
Your Spellcasting skill increases to level 11!
You slash the great orb of eyes!
The great orb of eyes is almost dead.
The great orb of eyes gazes at you.
Your mind is blasted!
Ouch! That really hurt!
You die...

▓..8©8..▓
▓..§§§§...▓..:!)..▓
▓G§○§§§...▓..|[...▓
▓.§§c§§...▓.......▓
▓.○§§○§O..▓.......▓
▓.p§§§§...▓.......▓
▓...§§§p..▓.......▓
▓.▓.§G§.▓.▓.▓...▓.▓
▓....@....▓...©...▓
▓▓▓▓▓▓▓▓▓▓▓▓▓▓▓▓▓▓▓
▓..8©8..▓ ▓..[.:..▓
▓..|.)..▓ ▓...)...▓
▓..))...▓ ▓...)...▓
▓...)...▓


You could see an ironbound thunderhulk (confused), a vault guard (confused), a
great orb of eyes (corroded), a glowing orange brain (confused), a vault
sentinel (confused) and a yaktaur (confused).

Vanquished Creatures
  2 two-headed ogres (D)
  A wizard (D)
  3 toenail golems (D)
  A troll (D)
  A slime creature (D)
  A golden eye (D)
  A hell hound (D)
  3 ogres (D)
  5 jellies (D)
  An iron imp (D)
  A shadow imp (D)
  An adder skeleton (D)
  A bat zombie (D)
  4 endoplasms (D)
  A ball python skeleton (D)
  2 ball python zombies (D)
  A jackal skeleton (D)
  A jackal zombie (D)
31 creatures vanquished.

Vanquished Creatures (others)
  5 foxfires (D)
5 creatures vanquished.

Grand Total: 36 creatures vanquished

Notes
Turn   | Place    | Note
-------+----------+-------------------------------------------
     0 | D        | night the Djinni Fire Elementalist began the quest for the
                  | Orb.
     0 | D        | Reached XP level 1. HP: 15/15 MP: 0/0
     3 | D        | Found a blossoming altar of Fedhas.
     4 | D        | Found the +6 Majin-Bo {vamp, MP+6 Int+6}
     4 | D        | Found the +9 heavy crossbow "Sniper" {vorpal, Acc+∞ SInv}
     4 | D        | Found the +10 dark maul {vorpal}
     4 | D        | Found the +15 Maxwell's patent armour {-Cast -Tele rElec
                  | Will+ rCorr}
     4 | D        | Found the +18 shield of the Gong {rElec rN+ Will+ EV-5}
     4 | D        | Found the +14 obsidian axe {vorpal, Drain Fly SInv}
     4 | D        | Found the +7 great mace "Firestarter" {inner flame, rF++}
     4 | D        | Found the +6 shillelagh "Devastator" {shatter}
     4 | D        | Found the +11 plutonium sword {Contam Stlth-}
     4 | D        | Found the +8 lance "Wyrmbane" {slay drac, rPois rF+ rC+
                  | AC+3}
     4 | D        | Found the +9 sword of Zonguldrok {reap}
     4 | D        | Found the +13 scythe of Curses {drain, Drain}
     4 | D        | Found the +5 sword of Power {vorpal}
     4 | D        | Found the +7 mace of Variability {chain chaos}
     4 | D        | Found the +7 Singing Sword {vorpal, sonic wave}
     4 | D        | Found the +8 storm bow {elec, penet}
     7 | D        | Found a sacrificial altar of Ru.
     7 | D        | Found a bloodstained altar of Trog.
     7 | D        | Found a stormy altar of Qazlal.
     7 | D        | Found an iron altar of Okawaru.
     7 | D        | Found a sparkling altar of Nemelex Xobeh.
     9 | D        | Found a transporter.
     9 | D        | Found a viscous altar of Jiyva.
     9 | D        | Found a corrupted altar of Lugonu.
     9 | D        | Found a hazy altar of Hepliaklqana.
     9 | D        | Found a burning altar of Makhleb.
     9 | D        | Found an opulent altar of Gozag.
    61 | D        | Became a worshipper of Makhleb the Destroyer
    69 | D        | Reached XP level 2. HP: 21/21 MP: 0/0
    71 | D        | Entered arena 2.
    71 | D        | Found a transporter.
   105 | D        | Entered arena 3.
   105 | D        | Noticed a toenail golem
   105 | D        | Noticed a toenail golem
   105 | D        | Noticed a toenail golem
   105 | D        | Found a transporter.
   111 | D        | Killed a toenail golem
   111 | D        | Reached * piety under Makhleb
   111 | D        | Killed a toenail golem
   111 | D        | Killed a toenail golem
   112 | D        | Reached skill level 10 in Dodging
   112 | D        | Reached XP level 3. HP: 25/25 MP: 0/0
   112 | D        | Learned a level 1 spell: Beastly Appendage
   112 | D        | Reached XP level 4. HP: 31/31 MP: 0/0
   112 | D        | Reached XP level 5. HP: 35/35 MP: 0/0
   112 | D        | Learned a level 2 spell: Call Imp
   112 | D        | Reached XP level 6. HP: 40/40 MP: 0/0
   112 | D        | Reached XP level 7. HP: 45/45 MP: 0/0
   112 | D        | Learned a level 3 spell: Lesser Beckoning
   112 | D        | Reached XP level 8. HP: 50/50 MP: 0/0
   224 | D        | Entered arena 4.
   224 | D        | Found a transporter.
   225 | D        | Found the +8 autumn katana {vorpal, Clar}
   225 | D        | Reached ** piety under Makhleb
   396 | D        | Entered arena 5.
   396 | D        | Found a transporter.
   397 | D        | Reached *** piety under Makhleb
   409 | D        | Entered arena 6.
   409 | D        | Noticed a slime creature
   409 | D        | Found a transporter.
   410 | D        | Reached **** piety under Makhleb
   411 | D        | Reached skill level 10 in Spellcasting
   412 | D        | Reached XP level 9. HP: 53/55 MP: 0/0
   412 | D        | Learned a level 3 spell: Teleport Other
   415 | D        | Killed a slime creature
   431 | D        | Entered arena 7.
   432 | D        | Found a transporter.
   433 | D        | Reached ***** piety under Makhleb
   474 | D        | Entered arena 8.
   474 | D        | Noticed a troll
   474 | D        | Noticed a two-headed ogre
   474 | D        | Noticed a two-headed ogre
   477 | D        | Reached skill level 1 in Fighting
   477 | D        | Reached skill level 1 in Long Blades
   477 | D        | Reached skill level 2 in Shields
   479 | D        | Killed a troll
   479 | D        | Reached ****** piety under Makhleb
   479 | D        | Killed a two-headed ogre
   480 | D        | Killed a two-headed ogre
   481 | D        | Reached skill level 5 in Fighting
   481 | D        | Reached XP level 10. HP: 69/70 MP: 0/0
   491 | D        | Found a transporter.
   503 | D        | Entered arena 9.
   503 | D        | Noticed a vault sentinel
   503 | D        | Noticed an ironbound thunderhulk
   503 | D        | Noticed a wizard
   503 | D        | Noticed a great orb of eyes
   503 | D        | Noticed a vault guard
   503 | D        | Noticed a yaktaur
   503 | D        | Noticed a glowing orange brain
   507 | D        | HP: 7/70 [ironbound thunderhulk/bolt of lightning (38)]
   512 | D        | Killed a wizard
   513 | D        | Reached skill level 5 in Long Blades
   513 | D        | Blown up by a great orb of eyes

Illustrated notes

Levels and vault maps discovered:
D:        sprint_v [room_start, room_1, room_2, room_3, room_4, room_5, room_6,
          room_7, room_8, room_9, room_10, room_11, room_12, room_13, room_14,
          room_15, room_16, room_17, room_18, room_19, room_20, room_21,
          room_22, room_23, room_24, room_25, room_26, room_27]

Skill      XL: |  1  2  3  4  5  6  7  8  9 10 |
---------------+-------------------------------+-----
Spellcasting   | 6 9 10 11 | 11.0
Dodging        | 10 11 | 11.5
Stealth        | 8 9 |  9.8
Fighting       | 5 |  5.7
Long Blades    | 4 5 |  5.1
Shields        | 7 8 |  8.2

Action                   |  1- 3 |  4- 6 |  7- 9 | 10-12 || total
-------------------------+-------+-------+-------+-------++-------
Melee: Double sword      |       |       |     5 |       ||     5
       Katana            |       |       |     3 |     3 ||     6
 Cast: Foxfire           |     3 |       |       |       ||     3
       Fireball          |       |       |    12 |     3 ||    15
Evoke: Wand              |     4 |       |     1 |     1 ||     6
       Condenser vane    |     1 |       |       |     1 ||     2
  Use: Potion            |     1 |       |       |     1 ||     2
Armor: Robe              |     1 |       |     1 |       ||     2
Dodge: Dodged            |     3 |       |     8 |     1 ||    12
Block: Kite shield       |       |       |       |     1 ||     1
       Rpst.: Double sword |     1 |       |     2 |       ||     3
       Katana            |       |       |       |     1 ||     1

Table legend: (Time is in decaauts)
 A = Elapsed time spent in this place.
 B = Non-inter-level travel time spent in this place.
 C = Inter-level travel time spent in this place.
 D = Time resting spent in this place.
 E = Time spent auto-exploring this place.
 F = Levels seen in this place.
 G = Mean time per level.
                   A        B        C        D        E       F      G
               +--------+--------+--------+--------+--------+-----+--------+
         Total |    515 |    515 |      0 |    291 |      0 |   1 |  515.0 |
       Dungeon |    515 |    515 |      0 |    291 |      0 |   1 |  515.0 |
               +--------+--------+--------+--------+--------+-----+--------+

Top non-repeatable levels by time:
       D: 515 daAuts
